 Dungeon Crawl Stone Soup version 0.31.0-9-g3a7656b989 (webtiles) character file.

Game seed: 9160198618405543605

35 qw the Shooter (level 3, -5/18 HPs)
             Began as a Spriggan Hunter on Feb 3, 2024.
             Slain by a black bear (6 damage)
             ... on level 2 of the Dungeon.
             The game lasted 00:00:02 (720 turns).

qw the Shooter (Spriggan Hunter)                     Turns: 720, Time: 00:00:03

Health: -5/18      AC:  2    Str:  7    XL:     3   Next: 17%
Magic:  4/4        EV: 19    Int: 10    God:
Gold:   68         SH:  0    Dex: 20    Spells: 2/2 levels left

rFire   . . .        a - +0 shortbow
rCold   . . .        (shield currently unavailable)
rNeg    . . .        c - +0 robe
rPois   .            (helmet restricted)
rElec   .            (no cloak)
rCorr   .            (gloves unavailable)
SInv    +            (boots unavailable)
Will    .....        (no amulet)
Stlth   ++           (no ring)
HPRegen 0.23/turn    (no ring)
MPRegen 0.09/turn

%: no passive effects
@: very quick
A: very small, no large weapons, unfitting armour, see invisible, speed 3
a: no special abilities


You were on level 2 of the Dungeon.
You visited 1 branch of the dungeon, and saw 2 of its levels.

You collected 68 gold pieces.


Innate Abilities, Weirdness & Mutations

You are very small and have problems with some larger weapons.
You are too small for most types of armour.
You have supernaturally acute eyesight. (SInv)
You cover ground extremely quickly. (Speed+++)


   Skills:
 - Level 1.5 Fighting
 + Level 4.5 Ranged Weapons
 - Level 4.0 Dodging
 - Level 1.5 Stealth


You had 2 spell levels left.
You didn't know any spells.
Your spell library was empty.

Inventory:

Hand Weapons
 a - a +0 shortbow (weapon)
Armour
 c - a +0 robe (worn)
Scrolls
 b - a scroll of teleportation {unknown}
Potions
 f - a potion of curing

Dungeon Overview and Level Annotations

Branches:
Dungeon (2/15)

Altars:


Message History

You shoot an arrow. The arrow barely misses the black bear.
You shoot an arrow. The arrow hits the black bear.
The black bear is lightly wounded.
You shoot an arrow. The arrow barely misses the black bear.
A dart slug comes into view.
You shoot an arrow. The arrow hits the black bear.
The black bear is moderately wounded.
You shoot an arrow. The arrow barely misses the black bear.
The black bear barely misses you.
The black bear claws you but does no damage.
The black bear claws you.
You shoot an arrow.
The arrow hits the black bear but does no damage.
The black bear is moderately wounded.
The black bear barely misses you. The black bear closely misses you.
The black bear barely misses you.
You shoot an arrow. The arrow hits the black bear!
The black bear is heavily wounded.
The black bear closely misses you. x3
You shoot an arrow. The arrow hits the black bear!
The black bear is severely wounded.
The black bear bites you. The black bear barely misses you.
The black bear completely misses you.
You shoot an arrow.
The arrow hits the black bear but does no damage.
The black bear is severely wounded.
The black bear goes berserk!
The black bear completely misses you. x2
The black bear barely misses you.
Enter note: You shoot an arrow.
The arrow hits the black bear but does no damage.
The black bear is severely wounded.
The black bear bites you. The black bear completely misses you.
The black bear closely misses you. The dart slug launches a dart at you.
The slug dart hits you.
You shoot an arrow. The arrow barely misses the black bear.
The black bear bites you. The black bear barely misses you.
The black bear claws you. The black bear bites you.
You die...

~P~~~~~..~~7
#~~~~~....~~ #P~~~~~...7
. 7~~~~~...## ..
7~~~%w....#
...########%~~~7....###.
#.....)..~~~P7..).....
#..##..#.###7~).........
#.###.###.###~#.@h..$...
.....## ##.######...###.
.%###.###.## ...# ..#
#..#.######. ####
..###.#.........
..##....######..
..#..%..## #..%...>.#
###.........


You could see a black bear (berserk) and a dart slug.

Vanquished Creatures
  A dart slug (D:1)
  A ball python (D:2)
  2 endoplasms
  2 giant cockroaches (D:1)
  5 goblins
  5 hobgoblins (D:1)
  A jackal (D:2)
  2 kobolds (D:1)
  4 bats
  A frilled lizard (D:1)
  5 rats
29 creatures vanquished.

Notes
Turn   | Place    | Note
-------+----------+-------------------------------------------
     0 | D:1      | qw the Spriggan Hunter began the quest for the Orb.
     0 | D:1      | Reached XP level 1. HP: 10/10 MP: 2/2
     0 | D:1      | 0 ||| qw: Version: 0.3-a-155-g5e7d8dd
     0 | D:1      | 0 ||| qw: Game counter: 2996
     0 | D:1      | 0 ||| qw: Melee chars always use a shield: true
     0 | D:1      | 0 ||| qw: God list: Okawaru
     0 | D:1      | 0 ||| qw: Allow faded altars: false
     0 | D:1      | 0 ||| qw: Do Orc after clearing Dungeon:15 true
     0 | D:1      | 0 ||| qw: Do second Lair branch before Depths: true
     0 | D:1      | 0 ||| qw: Lair rune preference: random
     0 | D:1      | 0 ||| qw: Goals: Normal
     0 | D:1      | 0 ||| PLANNING D:1-11
    18 | D:1      | Reached skill level 3 in Dodging
   127 | D:1      | Reached XP level 2. HP: 14/14 MP: 3/3
   572 | D:1      | 572 ||| READING 2 scrolls labelled QAOQUH FEEF.
   572 | D:1      | 572 ||| IDENTIFYING bubbling green potion
   573 | D:1      | 573 ||| READING scroll of identify.
   573 | D:1      | 573 ||| IDENTIFYING green potion
   574 | D:1      | 574 ||| DROPPING scroll of butterflies.
   575 | D:1      | 575 ||| DROPPING potion of lignification.
   616 | D:2      | Found a faded altar of an unknown god.
   665 | D:2      | Reached XP level 3. HP: 18/18 MP: 4/4
   708 | D:2      | Noticed a black bear
   720 | D:2      | HP: 4/18 [black bear (6)]
   720 | D:2      | HP: 1/18 [black bear (3)]
   720 | D:2      | Slain by a black bear

Levels and vault maps discovered:
D:1:      minmay_arrival_stone_box, layout_basic, minmay_misc_feat_chi
D:2:      layout_loops_ring, serial_shops, shop, shop,
          dreamdust_ecumenical_altar_angels_and_demons, serial_bayou_ford_a,
          st_stairs_1

Skill      XL: |  1  2 |
---------------+-------+-----
Dodging        | 3 4 |  4.0
Fighting       | |  1.5
Ranged Weapons | |  4.5
Stealth        | |  1.5

Action                     || total
---------------------------++-------
   Fire: Shortbow          ||    88
    Use: Scroll            ||     2
 Armour: Robe              ||     8
  Dodge: Dodged            ||    33

Table legend:
 A = Non-vault XP
 B = Vault XP
 C = Vault XP percentage of total XP
 D = Non-vault monster count
 E = Vault monster count
 F = Vault count percentage of total count
                 A         B        C        D         E       F
            +---------+---------+-------+---------+---------+-------
      Total |      51 |       0 |   0.0 |      29 |       0 |   0.0
            +---------+---------+-------+---------+---------+-------
        D:1 |      35 |       0 |   0.0 |      20 |       0 |   0.0
        D:2 |      16 |       0 |   0.0 |       9 |       0 |   0.0
            +---------+---------+-------+---------+---------+-------
